 Dungeon Crawl Stone Soup version 0.24-a0-537-g2d01d4ab0a (console) character file.

Game seed: 253062037189952169

1 Apatiregn the Grave Robber (level 1, -2/13 (14) HPs)
             Began as a Ghoul Necromancer on Aug 14, 2019.
             Slain by a kobold
             ... wielding a cursed -1 short sword
              (8 damage)
             ... on level 1 of the Dungeon.
             The game lasted 00:02:38 (44 turns).

Apatiregn the Grave Robber (Ghoul Necromancer)        Turns: 44, Time: 00:02:39

HP:   -2/13 (14)    AC:  2    Str: 11    XL:     1   Next: 20%
MP:   0/2           EV: 12    Int: 10    God:
Gold: 0             SH:  0    Dex:  9    Spells: 1/3 levels left

rFire    . . .     SeeInvis .   (no weapon)
rCold    + . .     Gourm    .   (no shield)
rNeg     + + +     Faith    .   a - +0 robe
rPois    ∞         Spirit   .   (no helmet)
rElec    .         Reflect  .   (no cloak)
rCorr    .         Harm     .   (no gloves)
MR       .....                  (no boots)
Stlth    ++........             (no amulet)
HPRegen  0.00/turn              (no ring)
MPRegen  0.08/turn              (no ring)

@: rotting
A: rotting body, claws 1, carnivore, cold resistance 1, negative energy
resistance 3, inhibited regeneration, torment resistance, unbreathing
a: no special abilities


You were on level 1 of the Dungeon.
You were not hungry.

You visited 1 branch of the dungeon, and saw 1 of its levels.

Inventory:

Armour
 a - a +0 robe (worn)
Comestibles
 c - a ration


   Skills:
 + Level 1.7 Dodging
 + Level 2.2 Stealth
 * Level 1.8 Spellcasting
 * Level 4.0 Necromancy


You had one spell level left.
You knew the following spells:

 Your Spells              Type           Power        Failure   Level  Hunger
a - Pain                  Necr           #...         6%          1    ##.....
b - Animate Skeleton      Necr           N/A          6%          1    ##.....

Your spell library contained the following spells:

 Spells                   Type           Power        Failure   Level  Hunger
 Vampiric Draining        Necr           #.........   19%         3    ####...
 Regeneration             Chrm/Necr      #.........   38%         3    ####...
 Animate Dead             Necr           N/A          52%         4    #####..


Dungeon Overview and Level Annotations

Branches:
Dungeon (1/15)

Altars:


Innate Abilities, Weirdness & Mutations

Your body is rotting away.
You thrive on raw meat.
You are immune to poison.
You have sharp fingernails.
You are carnivorous and can eat meat at any time.
Your flesh is cold resistant. (rC+)
You are immune to negative energy. (rN+++)
You do not regenerate when monsters are visible.
You are immune to unholy pain and torment.
You can survive without breathing.


Message History

Aiming: Pain (safe; 6% risk of failure)
Press: ? - help, Shift-Dir - straight line, f - kobold
Aim: a kobold, wielding a -1 short sword (chance to defeat MR: 73%)
The kobold writhes in agony.
The kobold misses you.
You barely miss the kobold.
The kobold is heavily wounded.
The kobold hits you with a cursed -1 short sword.
You closely miss the kobold.
The kobold is heavily wounded.
You feel your flesh rotting away.
The kobold hits you with a cursed -1 short sword.
You closely miss the kobold.
The kobold is heavily wounded.
The kobold hits you but does no damage.
You completely miss the kobold.
The kobold is heavily wounded.
The kobold hits you with a cursed -1 short sword!
Ouch! That really hurt!
You die...

... #.# #.#
#.# #.# #.#
#####.#####
#.........#
#....@....#
#....K....###.
#.............
#.........###
#.........#
#+#
#####...####
#.# #.#....#
#.# #[####.##
#.# #.# #..###
##.#


You could see a kobold.

Vanquished Creatures
  A goblin (D:1)
1 creature vanquished.

Notes
Turn   | Place    | Note
-------+----------+-------------------------------------------
     0 | D:1      | Apatiregn the Ghoul Necromancer began the quest for the
                  | Orb.
     0 | D:1      | Reached XP level 1. HP: 14/14 MP: 2/2
    21 | D:1      | Learned a level 1 spell: Animate Skeleton
    44 | D:1      | Slain by a kobold

Levels and vault maps discovered:
D:1:      mrwooster_arrival_arrow, layout_rooms

Action                   || total
-------------------------++-------
Melee: Unarmed           ||     4
 Cast: Pain              ||     3
Dodge: Dodged            ||     1

Table legend:
 A = Non-vault XP
 B = Vault XP
 C = Vault XP percentage of total XP
 D = Non-vault monster count
 E = Vault monster count
 F = Vault count percentage of total count
                 A         B        C        D         E       F
            +---------+---------+-------+---------+---------+-------
      Total |       2 |       0 |   0.0 |       1 |       0 |   0.0
            +---------+---------+-------+---------+---------+-------
        D:1 |       2 |       0 |   0.0 |       1 |       0 |   0.0
            +---------+---------+-------+---------+---------+-------
